Map: Dusty Gorge

Players

TheThinkTank

  • Race: Protoss Protoss
  • Spawn Location: 5:00

KNACKERDAD

  • Race: Protoss Protoss
  • League: Diamond
  • Spawn Location: 3:00

PureLegacy - Winner!

  • Race: Terran Terran
  • Spawn Location: 11:00

iLLuSia - Winner!

  • Race: Terran Terran
  • League: Diamond
  • Spawn Location: 9:00

VOD

Have the link to the VOD?

Description

Time

  • Played on: Dec. 3, 2018, 5:59 p.m.
  • Length: 13:03
Show
View Real Time Build Order
Export as new Build Order

TheThinkTank Protoss 

Build Orders: 1 Gate Expand, Colossus Rush 

Get SALT Encoding   

  12  0:00  Probe  
  13  0:13  Probe  
  14  0:20  Pylon  
  14  0:25  Probe  
  15  0:38  Probe  
  15  0:42  Gateway  
  16  0:48  Assimilator, Probe  
  16  0:56  Probe  
  18  1:05  Probe  
  19  1:17  Probe  
  20  1:29  Cybernetics Core  
  20  1:40  Probe  
  20  1:41  Nexus  
  21  1:51  Zealot  
  23  1:58  Pylon  
  23  2:11  Robotics Facility  
  23  2:14  Probe  
  23  2:18  Zealot  
  23  2:22  Probe  
  27  2:30  Probe  
  27  2:34  Gateway  
  28  2:38  Warp Gate  
  28  2:43  Probe  
  29  2:45  Zealot  
  31  2:55  Probe  
  31  2:56  Assimilator  
  32  3:03  Probe  
  33  3:07  Assimilator, Probe  
  33  3:09  Immortal  
  38  3:25  Probe x2  
  40  3:30  Stalker  
  40  3:37  Probe  
  40  3:39  Shield Battery  
  37  3:58  Probe  
  37  3:59  Probe  
  38  4:07  Probe x2  
  38  4:16  Probe x2  
  40  4:21  Robotics Bay  
  42  4:28  Probe  
  42  4:30  Probe  
  44  4:36  Pylon  
  44  4:37  Pylon  
  44  4:47  Forge  
  44  4:50  Gateway  
  44  4:57  Gateway, Probe  
  45  5:00  Probe  
  45  5:04  Assimilator  
  45  5:05  Probe  
  46  5:08  Protoss Ground Weapons Level 1  
  46  5:12  Probe  
  48  5:16  Colossus  
  48  5:24  Probe  
  55  5:32  Probe  
  56  5:37  Extended Thermal Lance  
  56  5:38  Probe  
  57  5:49  Probe  
  58  5:50  Probe  
  59  6:00  Twilight Council  
  59  6:01  Probe  
  59  6:02  Probe  
  61  6:09  Pylon  
  61  6:12  Pylon  
  61  6:13  Probe  
  61  6:17  Gateway  
  62  6:27  Colossus, Probe  
  62  6:28  Charge  
  62  6:31  Gateway  
  62  6:32  Gateway  
  69  6:46  Protoss Ground Weapons Level 2  
  69  7:03  Stalker x3  
  69  7:05  Stalker  
  77  7:24  Pylon x2  
  77  7:29  Observer  
  77  7:36  Forge  
  78  7:46  Stalker x4, Colossus  
  92  8:08  Blink  
  92  8:09  Protoss Ground Armor Level 1  
  90  8:23  Zealot x2  
  94  8:31  Pylon  
  94  8:32  Pylon  
  94  8:33  Pylon x2  
  94  8:37  Pylon x2  
  94  8:52  Colossus  
  100  8:57  Nexus  
  100  8:58  Templar Archives  
  100  8:59  Pylon x2  
  100  9:01  Pylon  
  100  9:15  Zealot x5  
  100  9:16  Zealot x2  
  93  9:46  Probe x2  
  95  9:53  Photon Cannon  
  95  9:54  Photon Cannon  
  95  9:58  Probe x2  
  75  10:07  Protoss Ground Weapons Level 3  
  75  10:08  Protoss Ground Armor Level 2  
  75  10:15  Colossus  
  81  10:21  Stalker  
  81  10:22  Stalker  
  81  10:27  Probe x2  
  87  10:35  Probe  
  88  10:39  Probe  
  89  10:42  Assimilator  
  89  10:47  Assimilator  
  89  11:29  Stalker, Observer  
  89  11:30  Stalker  
  91  11:33  Zealot x2  
  91  11:38  Probe  
  91  11:39  Probe  
  88  11:47  Observer  
  88  11:50  Probe  
  88  11:51  Stalker x2, Probe  
  88  11:52  Stalker  
  90  11:57  Zealot x2  
  92  12:03  Probe x2  
  87  12:25  Pylon  
  87  12:28  Photon Cannon  
Show
View Real Time Build Order
Export as new Build Order

KNACKERDAD Protoss 

Build Orders: 1 Gate Expand 

Get SALT Encoding   

  12  0:01  Probe  
  13  0:13  Probe  
  14  0:20  Pylon  
  14  0:25  Probe  
  15  0:36  Probe  
  15  0:39  Gateway  
  16  0:44  Probe  
  17  0:50  Assimilator  
  17  0:53  Probe  
  18  1:03  Probe  
  19  1:13  Probe  
  20  1:30  Nexus  
  20  1:47  Cybernetics Core  
  20  1:50  Probe  
  21  1:54  Zealot  
  23  2:02  Pylon  
  23  2:15  Assimilator  
  23  2:20  Probe  
  23  2:23  Adept  
  25  2:32  Probe  
  26  2:43  Probe  
  27  2:44  Warp Gate  
  26  2:55  Probe x2  
  26  2:57  Adept  
  27  3:04  Probe  
  30  3:07  Pylon  
  30  3:08  Probe  
  32  3:24  Shield Battery  
  32  3:26  Pylon  
  33  3:34  Probe  
  33  3:36  Adept  
  33  3:49  Gateway  
  33  3:50  Gateway  
  33  3:52  Probe  
  33  3:54  Probe  
  35  4:02  Probe  
  35  4:03  Sentry  
  35  4:07  Twilight Council, Probe  
  38  4:10  Probe  
  38  4:15  Probe  
  39  4:19  Probe  
  41  4:24  Probe  
  41  4:26  Stargate  
  42  4:33  Resonating Glaives  
  42  4:34  Probe  
  43  4:41  Probe  
  43  4:42  Probe  
  44  4:48  Adept  
  44  4:50  Probe  
  47  4:53  Probe  
  49  5:01  Probe  
  49  5:04  Assimilator  
  49  5:05  Assimilator, Probe  
  51  5:13  Probe, Forge  
  52  5:21  Sentry  
  54  5:25  Pylon  
  54  5:34  Nexus  
  54  5:37  Oracle  
  54  5:42  Pylon x2  
  57  5:50  Adept x2  
  61  6:11  Probe x2  
  62  6:13  Shield Battery  
  62  6:14  Gateway  
  62  6:15  Gateway  
  62  6:17  Gateway  
  63  6:22  Adept x2  
  69  6:29  Forge  
  67  6:35  Pylon x2  
  66  6:41  Phoenix  
  66  6:42  Gateway  
  66  6:45  Gateway  
  66  6:58  Probe  
  66  7:00  Probe  
  68  7:05  Probe  
  68  7:06  Shield Battery  
  69  7:10  Pylon  
  69  7:11  Adept x5  
  79  7:19  Gateway  
  79  7:22  Gateway  
  79  7:24  Probe  
  79  7:28  Pylon  
  80  7:31  Phoenix  
  82  7:37  Probe x2  
  82  7:38  Probe  
  85  7:49  Adept x4, Probe  
  87  8:13  Probe x3  
  87  8:17  Protoss Ground Weapons Level 1  
  90  8:21  Probe x3  
  90  8:25  Shield Battery  
  90  8:26  Shield Battery  
  93  8:28  Pylon  
  93  8:30  Templar Archives, Assimilator  
  93  8:31  Probe x3  
  93  8:33  Sentry  
  98  8:34  Assimilator  
  98  8:41  Pylon  
  98  8:43  Probe  
  98  8:44  Adept x2  
  98  8:45  Adept x3  
  109  8:55  Phoenix  
  111  9:00  Adept  
  98  9:10  Adept  
  98  9:11  Adept  
  98  9:12  Adept  
  91  9:19  Probe x2  
  91  9:20  Probe  
  91  9:23  Shield Battery  
  94  9:24  Assimilator  
  94  9:29  Zealot x3  
  94  9:30  Zealot  
  101  9:38  Probe  
  101  9:41  Probe x2  
  101  9:43  Assimilator  
  104  9:50  Probe  
  101  9:53  Probe x2  
  103  10:03  Probe  
  103  10:04  Phoenix  
  103  10:05  Probe x2  
  108  10:15  Probe  
  108  10:17  Nexus  
  108  10:20  Pylon  
  109  10:23  Pylon  
  109  10:25  Adept x5  
  109  10:26  Adept x3  
  125  10:35  Nexus  
  125  10:40  Protoss Ground Weapons Level 2  
  125  10:43  Forge, Robotics Facility  
  124  10:52  Adept x3  
  130  10:57  Pylon  
  130  10:59  Pylon  
  130  11:01  Pylon  
  130  11:03  Pylon  
  113  11:15  Phoenix  
  115  11:27  Adept x7  
  115  11:31  Probe  
  122  11:36  Phoenix  
  122  11:43  Probe  
  125  11:51  Nexus  
  110  12:17  Nexus  
Show
View Real Time Build Order
Export as new Build Order

PureLegacy Terran - Winner!

Build Orders: Reaper Expand 

Get SALT Encoding   

  12  0:02  SCV  
  14  0:14  SCV  
  14  0:22  Supply Depot  
  14  0:26  SCV  
  15  0:43  SCV  
  15  0:45  Barracks  
  16  0:51  Refinery  
  16  0:55  SCV  
  17  1:08  SCV  
  18  1:20  SCV  
  19  1:35  Reaper  
  19  1:36  Orbital Command  
  20  1:51  Command Center  
  20  2:02  SCV  
  20  2:03  Supply Depot  
  21  2:09  Barracks Reactor  
  21  2:14  SCV  
  21  2:15  Barracks  
  22  2:25  Barracks  
  22  2:28  SCV  
  23  2:32  Supply Depot  
  23  2:42  SCV  
  24  2:51  Marine x2  
  24  2:54  SCV  
  27  3:02  Refinery  
  27  3:06  Barracks Tech Lab  
  27  3:07  SCV, Orbital Command  
  27  3:09  Marine x2  
  27  3:12  Marine  
  31  3:19  SCV  
  32  3:26  Marine, Stimpack  
  33  3:31  SCV  
  33  3:33  Marine x3  
  37  3:37  SCV  
  38  3:44  Marine, SCV  
  40  3:49  SCV  
  40  3:50  Factory  
  40  3:53  Marine x2  
  43  3:59  Marine  
  43  4:01  Marine  
  43  4:02  SCV x2  
  47  4:04  Supply Depot  
  46  4:11  Marine x2  
  46  4:14  SCV x2  
  50  4:20  Marine x2  
  52  4:26  SCV x2  
  52  4:29  Marine x2  
  56  4:35  Factory Reactor, Starport  
  56  4:38  SCV x2  
  57  4:41  Barracks Reactor  
  57  4:44  Barracks, Supply Depot  
  57  4:45  Barracks  
  58  4:51  SCV x2  
  60  5:00  Engineering Bay x2  
  60  5:06  Refinery, SCV x2  
  62  5:08  Refinery  
  62  5:12  Supply Depot  
  62  5:18  Medivac, SCV x2  
  62  5:19  Medivac  
  68  5:32  SCV x2  
  68  5:33  Terran Infantry Armor Level 1, Terran Infantry Weapons Level 1  
  70  5:43  Barracks Reactor, Barracks Tech Lab  
  70  5:45  Barracks Tech Lab  
  70  5:46  Marine x3  
  70  5:47  Marine  
  70  5:48  Marauder  
  76  5:51  Supply Depot  
  76  5:52  Supply Depot x2  
  76  5:56  Combat Shield  
  76  6:01  Supply Depot  
  76  6:03  Concussive Shells  
  76  6:04  Marauder  
  78  6:13  Marauder x2  
  78  6:17  Armory, Supply Depot  
  82  6:19  Marine x4  
  83  6:35  Marauder x2  
  83  6:36  Marauder  
  89  6:44  Marine x4  
  89  6:45  Medivac x2  
  91  6:56  Marauder  
  91  6:58  Marauder x2  
  91  7:11  Marine x4  
  91  7:15  Medivac x2  
  99  7:18  Marauder  
  99  7:19  Command Center  
  99  7:20  Marauder x2  
  106  7:22  SCV  
  106  7:23  SCV  
  106  7:26  Supply Depot x2  
  107  7:37  Marine x4  
  107  7:39  Marauder  
  107  7:40  Terran Infantry Weapons Level 2  
  107  7:42  Terran Infantry Armor Level 2  
  113  7:46  SCV  
  113  7:47  SCV  
  115  7:53  Marauder x2  
  119  7:59  SCV x2  
  120  8:11  SCV x2  
  120  8:12  Marine x4, Marauder  
  114  8:16  Medivac x2  
  117  8:20  Marine x2  
  117  8:21  Missile Turret  
  119  8:27  SCV x2  
  119  8:30  Marine x4  
  125  8:41  Barracks x3  
  125  8:43  SCV x2  
  127  8:49  Supply Depot  
  127  8:51  Supply Depot  
  127  8:53  Marine x4  
  127  8:54  Marauder  
  133  8:55  SCV  
  133  8:56  SCV  
  122  9:07  Marine x2  
  115  9:11  Marine x2  
  115  9:15  Marauder  
  115  9:17  Marine  
  103  9:19  Marine  
  105  9:24  Orbital Command  
  105  9:25  Marauder x2, SCV x2  
  105  9:29  Marine x2  
  105  9:31  Sensor Tower  
  113  9:35  Barracks Tech Lab  
  113  9:36  Barracks Tech Lab, Barracks Reactor  
  113  9:37  Marine x3  
  116  9:42  SCV x2  
  118  9:46  Marine, Marauder  
  118  9:47  Marine x2  
  123  9:54  Marine  
  123  9:55  Marine  
  104  10:01  Marine x2, Marauder  
  104  10:04  Marine, Marauder  
  104  10:06  Marine  
  106  10:07  Medivac  
  106  10:08  Medivac, Marauder  
  106  10:12  Marine, Terran Infantry Weapons Level 3  
  113  10:15  Terran Infantry Armor Level 3  
  113  10:16  Marine  
  113  10:17  Marine  
  115  10:30  Marine x4  
  115  10:31  Marine, Marauder x3  
  126  10:35  Command Center  
  126  10:42  Marine x2  
  130  10:43  Marauder  
  130  10:48  Marine  
  130  10:49  Marauder  
  133  10:50  Marine x3  
  133  10:52  Marine, Marauder  
  133  10:53  Marauder  
  133  10:54  SCV x2  
  143  10:57  SCV  
  144  11:14  Marine  
  144  11:15  Marine x2, Marauder x3  
  144  11:16  Marine x3  
  144  11:18  Marine x2  
  147  11:32  Medivac x2, Marine x2  
  149  11:33  Marine  
  149  11:34  Marine  
  149  11:35  Marine x2  
  149  11:36  Marauder x3  
  149  11:37  Marauder  
  162  11:43  Marine  
  163  11:50  Marine  
  163  11:51  Supply Depot  
  163  11:52  Supply Depot  
  163  11:53  Planetary Fortress  
  161  11:57  Marine, Marauder  
  161  11:58  Marauder x2  
  159  12:05  Marine x2  
  159  12:06  Marauder x2  
  165  12:09  Marine x3  
  165  12:12  Medivac  
  165  12:14  Medivac  
  172  12:24  Marine x3  
  175  12:35  Marine x2  
  175  12:36  Marine x3, Marauder x2  
  184  12:43  Marine x2  
Show
View Real Time Build Order
Export as new Build Order

iLLuSia Terran - Winner!

Build Orders: Mech 

Get SALT Encoding   

  12  0:01  SCV  
  13  0:13  SCV  
  14  0:19  Supply Depot  
  14  0:25  SCV  
  15  0:41  SCV  
  16  0:42  Barracks  
  16  0:48  Refinery  
  16  0:53  SCV  
  17  0:57  Refinery  
  17  1:05  SCV  
  18  1:14  Barracks  
  18  1:20  Refinery  
  18  1:24  SCV  
  19  1:36  Barracks Tech Lab  
  19  1:37  SCV  
  20  1:49  SCV  
  20  1:50  Supply Depot  
  21  1:59  Marauder  
  21  2:00  Concussive Shells  
  23  2:08  Orbital Command  
  23  2:12  Marine  
  24  2:24  Marauder  
  26  2:35  SCV  
  27  2:47  Command Center  
  27  2:50  SCV  
  28  2:52  Marauder  
  28  2:56  Refinery  
  30  3:02  SCV  
  31  3:11  Barracks Reactor  
  31  3:12  Factory  
  31  3:36  SCV  
  30  3:43  Factory  
  30  3:48  Supply Depot  
  30  3:49  SCV  
  30  3:54  Supply Depot  
  31  4:00  Orbital Command  
  31  4:01  Bunker, SCV  
  32  4:13  SCV  
  32  4:14  Barracks Tech Lab  
  33  4:19  Siege Tank  
  36  4:25  SCV  
  37  4:32  SCV  
  37  4:37  SCV  
  39  4:44  SCV  
  42  4:46  Hellion x2  
  42  4:50  Ghost Academy  
  42  4:52  Refinery  
  44  4:53  SCV  
  44  4:54  Refinery  
  44  4:56  SCV  
  44  4:58  Widow Mine  
  48  5:07  SCV, Widow Mine x2  
  51  5:09  SCV  
  54  5:19  SCV  
  55  5:21  SCV  
  55  5:26  Command Center  
  56  5:32  Armory  
  56  5:43  SCV x2  
  56  5:44  Ghost  
  56  5:47  Hellion  
  62  5:58  Supply Depot  
  62  6:00  Supply Depot  
  62  6:02  Supply Depot  
  62  6:20  SCV x2, Siege Tank  
  62  6:23  Factory  
  67  6:27  Terran Vehicle Weapons Level 1  
  67  6:30  Factory  
  67  6:32  SCV x2  
  69  6:38  Hellion x2  
  73  6:44  SCV  
  73  6:45  Orbital Command  
  74  6:47  SCV  
  75  6:56  Armory  
  75  7:00  SCV x2  
  77  7:02  Orbital Command  
  77  7:09  Factory  
  77  7:10  Factory Reactor  
  77  7:14  Ghost  
  79  7:19  Starport  
  79  7:20  Factory Tech Lab  
  79  7:26  Siege Tank  
  79  7:27  Hellion x2  
  79  7:29  SCV x2  
  88  7:30  SCV  
  88  7:36  Hellion x3  
  89  7:41  SCV  
  89  7:42  Ghost  
  92  7:44  SCV x2, Terran Vehicle And Ship Armor Level 1  
  94  7:52  Hellion, Siege Tank  
  94  7:53  Hellion  
  101  8:05  Engineering Bay  
  101  8:09  Refinery  
  101  8:10  Refinery, Supply Depot  
  101  8:12  Supply Depot  
  101  8:15  Starport Reactor  
  101  8:16  Starport  
  101  8:20  Factory Tech Lab  
  101  8:21  Infernal Pre-Igniter  
  101  8:23  Smart Servos  
  101  8:31  Ghost, SCV x3, Siege Tank  
  101  8:34  Hellion  
  111  8:35  Missile Turret  
  111  8:40  Hellion x7  
  111  8:43  SCV x3  
  114  8:52  Terran Vehicle Weapons Level 2  
  114  8:53  Missile Turret  
  114  8:55  SCV x2  
  114  8:57  Personal Cloaking  
  110  9:44  Hellion x2  
  114  9:47  Thor  
  114  9:48  SCV  
  114  9:52  SCV x2  
  115  9:56  Thor x2  
  115  9:57  Supply Depot, Command Center  
  115  9:58  Starport Reactor, Supply Depot  
  115  9:59  Barracks Tech Lab, Starport  
  127  10:01  Viking  
  127  10:02  Viking  
  131  10:12  Ghost Academy  
  131  10:14  SCV x2  
  131  10:16  Terran Vehicle And Ship Armor Level 2  
  131  10:18  SCV  
  134  10:21  Supply Depot  
  134  10:24  Supply Depot  
  134  10:25  Supply Depot  
  134  10:26  Nuke  
  134  10:27  Supply Depot  
  134  10:38  Viking x3  
  134  10:39  Starport Tech Lab  
  140  10:45  Hellion x2  
  140  10:46  Hellion x2  
  148  11:06  Nuke  
  146  11:12  Hellion x4  
  146  11:18  Thor x2  
  146  11:19  Siege Tank  
  146  11:20  Hellion x2  
  146  11:21  Hellion x2  
  169  11:27  Nuke  
  169  11:44  Hellion x7  
  169  11:46  Hellion x2  
  175  11:47  Hellion x2  
  161  12:21  Siege Tank  
  161  12:22  Hellion x2, Siege Tank x2  
  178  12:23  Hellion x2  
  178  12:26  Orbital Command  
  178  12:29  Missile Turret  
Tags
 
Add a new tag
Caveats
  • Supply blocks, unpowered buildings, or Contaminate may cause inaccurate times.
  • Supply counts are checked every 10 seconds.